 Dungeon Crawl Stone Soup version 0.26.0-15-gc6cd9f700b (webtiles) character file.

Game seed: 594872680026557949

2 howech the Vexing (level 1, 0/7 HPs)
             Began as a Felid Enchanter on Jan 16, 2021.
             Slain by a dart slug (2 damage)
             ... on level 1 of the Dungeon.
             The game lasted 00:00:32 (73 turns).

howech the Vexing (Felid Enchanter)                   Turns: 73, Time: 00:00:32

Health: 0/7        AC:  1    Str:  4    XL:     1   Next: 25%
Magic:  4/4        EV: 18    Int: 16    God:
Gold:   15         SH:  0    Dex: 16    Spells: 3/4 levels left
                                        Lives:  0   Deaths: 0

rFire    . . .     SeeInvis +     - Unarmed
rCold    . . .     Faith    .   (shield unavailable)
rNeg     . . .     Spirit   .   (armour unavailable)
rPois    .         Reflect  .   (helmet unavailable)
rElec    .         Harm     .   (cloak unavailable)
rCorr    .         Rampage  .   (gloves unavailable)
Will     .....                  (boots unavailable)
Stlth    +++.......             (no amulet)
HPRegen  0.02/turn              (no ring)
MPRegen  0.09/turn              (no ring)

@: quick
A: very small, no armour, no weapons or thrown items, stealth, claws 1, fangs 3,
see invisible, speed 1, shaggy fur 1, sharp paws
a: no special abilities


You were on level 1 of the Dungeon.
You visited 1 branch of the dungeon, and saw 1 of its levels.

You collected 15 gold pieces.

Inventory:

Scrolls
 b - a scroll of enchant weapon {unknown}
Potions
 a - 2 potions of degeneration {unknown}


   Skills:
 + Level 2.6 Dodging
 + Level 4.0 Stealth
 + Level 1.0 Unarmed Combat
 + Level 2.1 Spellcasting
 + Level 4.4 Hexes


You had 3 spell levels left.
You knew the following spells:

 Your Spells              Type           Power        Failure   Level
a - Corona                Hex            17%          3%          1

Your spell library contained the following spells:

 Spells                   Type           Power        Failure   Level
 Confusing Touch          Hex            16%          10%         3
 Tukima's Dance           Hex            16%          10%         3
 Ensorcelled Hibernation  Hex/Ice        16%          12%         2
 Dazzling Flash           Conj/Hex       16%          24%         3


Dungeon Overview and Level Annotations

Branches:
Dungeon (1/15)

Altars:


Innate Abilities, Weirdness & Mutations

You cannot wear armour.
You are incapable of wielding weapons or throwing items.
Your paws allow you to move quietly. (Stealth)
You have sharp claws.
You have razor-sharp teeth.
You have supernaturally acute eyesight. (SInv)
You cover ground quickly.
You are covered in fur. (AC +1)
Your sharp claws are effective at attacking unaware monsters.


Message History

You scratch the dart slug.
The dart slug is lightly wounded.
The dart slug launches a dart at you. The slug dart hits you.
Ouch! That really hurt!
* * * LOW HITPOINT WARNING * * *
You scratch the dart slug but do no damage.
The dart slug is lightly wounded.
The dart slug misses you.
Unknown command.
You scratch the dart slug.
The dart slug is moderately wounded.
You completely miss the dart slug. You bite the dart slug.
The dart slug is moderately wounded.
The dart slug bites you but does no damage.
You scratch the dart slug but do no damage.
You bite the dart slug.
The dart slug is heavily wounded.
The dart slug bites you.
You die...

X#.#X# ...>.....[.#
##.### .....!.....#
#..#^# .?........# #.####
#...w....# #.#X# #.#
#l.......+ #.###
#.####........#### #.#≈#
#................$
#.######.########w#######
#...#D##.# #.@........
###.####.# #.#.#####..
#D#.#^##.######+#(#
###.####(.........#
#...##..#........#
+.>.'..#.........#
#...##.#[........#####..
#####..#................
#X#...#...........####.


You could see a dart slug.

Vanquished Creatures
  A kobold (D:1)
  A rat (D:1)
2 creatures vanquished.

Notes
Turn   | Place    | Note
-------+----------+-------------------------------------------
     0 | D:1      | howech the Felid Enchanter began the quest for the Orb.
     0 | D:1      | Reached XP level 1. HP: 7/7 MP: 4/4
     0 | D:1      | Noticed a tentacled monstrosity
     1 | D:1      | Noticed an ice dragon
     3 | D:1      | Noticed a black draconian
     3 | D:1      | Noticed a green draconian
     7 | D:1      | Noticed a large abomination
    10 | D:1      | Noticed a large abomination
    10 | D:1      | Noticed a large abomination
    12 | D:1      | Noticed a tentacled monstrosity
    14 | D:1      | Noticed a tentacled monstrosity
    14 | D:1      | Noticed an ice dragon
    16 | D:1      | Noticed a shadow dragon
    20 | D:1      | Noticed a large abomination
    73 | D:1      | Slain by a dart slug

Illustrated notes

Levels and vault maps discovered:
D:1:      shiori_arrival_whats_in_store_for_you, layout_basic

Action                   || total
-------------------------++-------
Melee: Unarmed           ||     8
       Bite              ||     3
 Stab: Sleeping          ||     1
Armor: Skin              ||     2
Dodge: Dodged            ||     1
